 Dungeon Crawl Stone Soup version 0.26.1-11-gd32895ea62 (webtiles) character file.

Game seed: 15958361430724580611

177 H0rd4k the Insei (level 5, -5/33 HPs)
             Began as an Octopode Transmuter on May 28, 2021.
             Slain by a gnoll
             ... wielding a +0 whip
              (11 damage)
             ... on level 3 of the Dungeon on May 31, 2021.
             The game lasted 00:02:36 (3204 turns).

H0rd4k the Insei (Octopode Transmuter)              Turns: 3204, Time: 00:02:37

Health: -5/33      AC:  1    Str:  9    XL:     5   Next: 57%
Magic:  6/8        EV: 14    Int: 16    God:
Gold:   114        SH:  0    Dex: 13    Spells: 5/9 levels left

rFire    . . .     SeeInvis .     - Unarmed
rCold    . . .     Faith    .   (no shield)
rNeg     . . .     Spirit   .   (helmet restricted)
rPois    .         Reflect  .   (no amulet)
rElec    .         Harm     .   (no ring)
rCorr    .         Rampage  .   (no ring)
Will     .....                  (no ring)
Stlth    ++........             (no ring)
HPRegen  0.11/turn              (no ring)
MPRegen  0.11/turn              (no ring)
                                (no ring)
                                (no ring)

@: no status effects
A: almost no armour, stealthy swim, amphibious, 8 rings, constrict 8, camouflage
1, gelatinous body 1
a: no special abilities


You were on level 3 of the Dungeon.
You visited 1 branch of the dungeon, and saw 3 of its levels.

You collected 114 gold pieces.

Inventory:

Wands
 k - a wand of disintegration (13)
Scrolls
 b - 2 scrolls of teleportation {unknown}
 c - 3 scrolls of fear {unknown}
 d - a scroll of magic mapping {unknown}
 f - a scroll of enchant weapon {unknown}
 g - 2 scrolls of enchant armour {unknown}
 h - a scroll of identify {unknown}
 j - a scroll of remove curse {unknown}
Potions
 a - a potion of magic {unknown}
 e - a potion of degeneration {unknown}
 i - a potion of mutation {unknown}


   Skills:
 + Level 1.3 Fighting
 + Level 3.0 Dodging
 + Level 4.4 Unarmed Combat
 * Level 2.5 Spellcasting
 * Level 2.6 Transmutations
 * Level 1.7 Poison Magic


You had 5 spell levels left.
You knew the following spells:

 Your Spells              Type           Power        Failure   Level
a - Beastly Appendage     Tmut           20%          7%          1
b - Spider Form           Tmut/Pois      4%           24%         3

Your spell library contained the following spells:

 Spells                   Type           Power        Failure   Level
 Wereblood                Tmut           10%          10%         2
 Ice Form                 Ice/Tmut       6%           75%         4
 Blade Hands              Tmut           5%           88%         5


Dungeon Overview and Level Annotations

Branches:
Dungeon (3/15)

Altars:
Zin

Annotations:
D:3 1 runed translucent door, Crazy Yiuf, Natasha


Innate Abilities, Weirdness & Mutations

You cannot wear most types of armour.
You are very stealthy in the water. (Stealth+)
You are amphibious.
You can wear up to eight rings at the same time.
You can use your tentacles to constrict eight enemies at once.
Your skin changes colour to match your surroundings (Stealth+).
Your rubbery body absorbs attacks. (AC +1, EV +1)


Message History

The gnoll is almost dead.
The gnoll hits you.
You barely miss the gnoll.
The gnoll is almost dead.
The gnoll hits you!
You hit the gnoll.
You kill the gnoll!
Your transformation has ended.
You tentacle-slap the gnoll. You grab the gnoll. You tentacle-slap the gnoll.
The gnoll is heavily wounded.
You constrict the gnoll. The gnoll misses you.
You barely miss the gnoll. You squeeze the gnoll.
The gnoll is severely wounded.
You constrict the gnoll. The gnoll hits you with a +0 whip.
* * * LOW HITPOINT WARNING * * *
You tentacle-slap the gnoll but do no damage.
You tentacle-slap the gnoll, but do no damage.
The gnoll is almost dead.
You constrict the gnoll. The gnoll hits you with a +0 whip!
You die...

# ######### #
#.......# #
###.#####.#
###.#.......######
##.....###.......#
.......# #..####.#
##.....###..# #.#
###.#.......# #.#
#.######### #@#
#.# #g# #+# #g#
#?# #.# ... ...
..$ .....


You could see 2 gnolls.

Vanquished Creatures
  Natasha (D:3)
  A killer bee zombie (D:3)
  4 adders
  2 gnolls (D:3)
  4 worms
  An orc (D:3)
  7 bats
  A bat skeleton (D:2)
  7 giant cockroaches
  6 goblins
  4 hobgoblins
  5 jackals
  5 frilled lizards
  7 kobolds
  10 rats
65 creatures vanquished.

Notes
Turn   | Place    | Note
-------+----------+-------------------------------------------
     0 | D:1      | H0rd4k the Octopode Transmuter began the quest for the Orb.
     0 | D:1      | Reached XP level 1. HP: 13/13 MP: 3/3
   265 | D:1      | Reached XP level 2. HP: 18/18 MP: 5/5
   628 | D:2      | Reached XP level 3. HP: 14/23 MP: 6/6
   910 | D:1      | Learned a level 3 spell: Spider Form
  1554 | D:2      | Reached XP level 4. HP: 24/28 MP: 7/7
  1623 | D:2      | Reached skill level 1 in Poison Magic
  2374 | D:3      | Found a runed translucent door.
  2375 | D:3      | Noticed Crazy Yiuf
  2414 | D:3      | Found a glowing silver altar of Zin.
  2434 | D:3      | Reached skill level 4 in Unarmed Combat
  2521 | D:3      | Noticed Natasha
  2537 | D:3      | Killed Natasha
  2538 | D:3      | Reached XP level 5. HP: 26/33 MP: 8/8
  2849 | D:3      | Noticed Natasha
  3204 | D:3      | Slain by a gnoll

Illustrated notes

Levels and vault maps discovered:
D:1:      amcnicky_arrival_choice, layout_basic
D:2:      minmay_razor_zed, layout_loops_ring
D:3:      layout_loops_corners, lemuel_crystal_altar,
          kennysheep_generic_room_15, uniq_natasha, uniq_crazy_yiuf_cottage

Skill      XL: |  1  2  3  4  5 |
---------------+----------------+-----
Poison Magic   | 1 |  1.7
Unarmed Combat | 4 |  4.4
Dodging        | 3 |  3.0
Fighting       | |  1.3
Spellcasting   | |  2.5
Transmutations | |  2.6

Action                   |  1- 3 |  4- 6 || total
-------------------------+-------+-------++-------
Melee: Unarmed           |    83 |    85 ||   168
       Constrict         |    24 |    23 ||    47
       Tentacles         |    11 |    12 ||    23
       Punch             |     2 |     3 ||     5
 Cast: Spider Form       |       |     1 ||     1
 Stab: Sleeping          |       |     4 ||     4
       Distracted        |       |     1 ||     1
Armor: Skin              |     8 |     4 ||    12
Dodge: Dodged            |    64 |    47 ||   111
